 Dungeon Crawl Stone Soup version 0.24-a0-378-g94936e5 (webtiles) character file.

Game seed: 1742348286909775404

12570 silenth the Cleaver (level 11, -2/87 HPs)
             Began as a Demonspawn Gladiator on June 2, 2019.
             Was an Elder of Nemelex Xobeh.
             Slain by a cacodemon (5 damage)
             ... on level 1 of the Abyss.
             The game lasted 00:25:12 (9983 turns).

silenth the Cleaver (Demonspawn Gladiator)          Turns: 9983, Time: 00:25:12

Health: -2/87      AC: 17    Str: 18    XL:     11   Next: 64%
Magic:  0/16       EV: 15    Int: 10    God:    Nemelex Xobeh [****..]
Gold:   522        SH:  0    Dex: 17    Spells: 9/10 levels left

rFire    . . .     SeeInvis .   a - +1 battleaxe (flame)
rCold    . . .     Gourm    +   (shield currently unavailable)
rNeg     . . .     Faith    .   i - +3 scale mail {MR+}
rPois    .         Spirit   +   f - +2 helmet
rElec    .         Reflect  .   n - +2 cloak
rCorr    +         Harm     .   J - +0 pair of gloves {Str+3}
MR       +....                  (no boots)
Stlth    +++.......             A - amulet of the gourmand
HPRegen  0.24/turn              u - +2 ring of slaying
MPRegen  0.30/turn              K - ring of resist corrosion

@: slowed, very slow
A: talons 2, magic shield, magic regeneration, sturdy frame 2
a: Draw Escape, Draw Destruction, Draw Summoning, Triple Draw, Deal Four,
Renounce Religion


You were on level 1 of the Abyss.
You worshipped Nemelex Xobeh.
Nemelex Xobeh was greatly pleased with you.
You were not hungry.

You visited 2 branches of the dungeon, and saw 11 of its levels.
You visited the Abyss 1 time.

You collected 741 gold pieces.
You spent 219 gold pieces at shops.

Inventory:

Hand Weapons
 a - a +1 battleaxe of flaming (weapon)
 b - the +3 Elemental Staff {rElec rF++ rC++ MR++ AC+5}
   (You found it on level 8 of the Dungeon)

   It affects your AC (+5).
   It greatly protects you from fire.
   It greatly protects you from cold.
   It insulates you from electricity.
   It affects your resistance to hostile enchantments.
 y - the +12 trident of Forgiveness {venom, rElec}
   (You found it on level 8 of the Dungeon)

   It poisons the flesh of those it strikes.
   It insulates you from electricity.
 C - the +3 whip of Woleacec {slash, +Blink rElec rC- SInv}
   (You found it on level 8 of the Dungeon)

   It inflicts extra damage upon your enemies.
   It makes you vulnerable to cold.
   It insulates you from electricity.
   It lets you see invisible.
   It lets you blink.
 N - a +3 flail
 P - the +3 dagger of Resourcefulness {pierce, +Fly Int+4 Dex-2}
   (You found it on level 8 of the Dungeon)

   It inflicts extra damage upon your enemies.
   It affects your intelligence (+4).
   It affects your dexterity (-2).
   It lets you fly.
Missiles
 d - 6 throwing nets (quivered)
 t - 18 poisoned darts
Armour
 f - a +2 helmet (worn)
 i - a +3 scale mail of magic resistance (worn)
 j - a +0 chain mail
 n - a +2 cloak (worn)
 B - the +5 ring mail of Resonance {rC++}
   (You found it on level 6 of the Dungeon)

   It greatly protects you from cold.
 J - a +0 pair of gloves of strength (worn)
 O - a +2 plate armour of positive energy
Jewellery
 u - a +2 ring of slaying (left hand)
 A - an amulet of the gourmand (around neck)
 I - an uncursed ring of wizardry
 K - a ring of resist corrosion (right hand)
Wands
 q - a wand of random effects (13)
 w - a wand of paralysis (5)
 x - a wand of polymorph (8)
 z - a wand of flame (12)
Scrolls
 m - 2 scrolls of magic mapping
 o - 9 scrolls of teleportation
 r - a scroll of remove curse
 s - a scroll of blinking {unknown}
 G - 2 scrolls of amnesia
 H - a scroll of noise {unknown}
 Q - 2 scrolls of fear
Potions
 c - a potion of cancellation
 g - a potion of haste
 k - a potion of berserk rage
 l - 4 potions of might
 p - 2 potions of curing
 v - 4 potions of flight
 D - a potion of resistance
 E - 2 potions of brilliance
Miscellaneous
 h - a lightning rod (3/4)
 L - a phial of floods (inert)
Comestibles
 e - 18 rations


   Skills:
 - Level 8.7 Fighting
 - Level 9.3(10.1) Axes
 - Level 5.7(8.3) Maces & Flails
 - Level 2.1(6.3) Polearms
 - Level 1.7 Throwing
 - Level 3.2 Armour
 - Level 6.7 Dodging
 + Level 6.3 Stealth
 - Level 7.1 Invocations
 - Level 3.0 Evocations


You had 9 spell levels left.
You knew the following spells:

 Your Spells              Type           Power        Failure   Level  Hunger
a - Confusing Touch       Hex            #.....       50%         1    ##.....

Your spell library contained the following spells:

 Spells                   Type           Power        Failure   Level  Hunger
 Blink                    Tloc           N/A          63%         2    ###....
 Slow                     Hex            #.......     63%         2    ###....
 Confuse                  Hex            #.......     86%         3    ####...
 Gell's Gravitas          Tloc           #.........   86%         3    ####...
 Petrify                  Tmut/Erth      #.......     99%         4    #####..
 Metabolic Englaciation   Hex/Ice        #.........   100%        5    ######.
 Yara's Violent Unravell  Hex/Tmut       #.........   100%        5    ######.
 Discord                  Hex            #.........   100%        8    #######
 Disjunction              Tloc           #.........   100%        8    #######


Dungeon Overview and Level Annotations

Branches:
Dungeon (10/15)            Temple (1/1) D:4            Lair (0/6) D:8
    Orc (0/2) D:10

Altars:
Ashenzari
Cheibriados
Dithmenos
Elyvilon
Fedhas
Gozag
Hepliaklqana
Kikubaaqudgha
Makhleb
Nemelex Xobeh
Okawaru
Qazlal
Ru
Sif Muna
Trog
Uskayaw
Vehumet
Wu Jian
Xom
Yredelemnul
Zin
The Shining One

Shops:
D:4 =   D:7 *?(:=*   D:9 :

Annotations:
D:5 1 runed translucent door
D:10 Snorg


Innate Abilities, Weirdness & Mutations

You have razor-sharp toenails.
When hurt, damage is shared between your health and your magic reserves.
You regenerate magic rapidly.
Your movements are less encumbered by armour. (ER -4)


Message History

The cacodemon gestures at you.
You easily resist.
You slice the cacodemon!! You burn the cacodemon! You claw the cacodemon.
The cacodemon is severely wounded.
The cacodemon gestures at you.
You easily resist.
The cacodemon gestures at you. The bolt of energy hits you!!!
* * * LOW HITPOINT WARNING * * *
Okay, then.
You slash the cacodemon! You burn the cacodemon.
Your kick misses the cacodemon.
The cacodemon is severely wounded.
The cacodemon misses you. The cacodemon closely misses you.
You hit the cacodemon. You burn the cacodemon.
The cacodemon is severely wounded.
The cacodemon gestures at you.
You easily resist.
The cacodemon hits you!
You die...
Your body disappears without a glow.

#######.#▒# #
##.......⚑..
#/#.@2#.##.###
#.##.#▒#....
#.# .... #.#
#▒ ... #.. ..#
#.#


You could see a cacodemon.

Vanquished Creatures
  A very ugly thing (Abyss:1)
  A green death (Abyss:1)
  A two-headed ogre (D:8)
  An ugly thing (Abyss:1)
  A deep elf mage (D:8)
  A cyclops (D:8)
  A smoke demon (Abyss:1)
  Maurice (D:8)
  The ghost of cybersaint2k the Skirmisher, a novice DsBe of Trog (D:5)
  2 trolls
  A hippogriff (D:7)
  6 slime creatures (D:10)
  2 small abominations (Abyss:1)
  A ynoxinul (Abyss:1)
  A redback (D:10)
  2 yaks
  3 hogs (D:7)
  A human (D:7)
  A hungry ghost (D:9)
  A neqoxec (Abyss:1)
  Menkaure (D:6)
  A large abomination (Abyss:1)
  3 black bears
  A sky beast (D:10)
  3 ice beasts
  3 orc warriors
  3 phantoms
  4 ogres
  4 centaurs
  A crocodile (D:10)
  8 bullfrogs
  4 scorpions
  10 killer bees
  2 howler monkeys
  An electric eel (D:7)
  2 jellies (D:6)
  4 crimson imps
  A bullfrog zombie (D:10)
  A hound (D:8)
  A quasit (Abyss:1)
  A centaur skeleton (D:8)
  11 orc wizards
  3 orc priests
  3 bullfrog skeletons
  4 iguanas
  9 worker ants
  3 hound zombies
  A hound skeleton (D:4)
  7 adders
  2 river rats (D:5)
  2 shadow imps
  2 white imps (Abyss:1)
  An ooze (D:3)
  An adder skeleton (D:5)
  An adder zombie (D:8)
  7 worms
  2 dart slugs
  7 leopard geckos
  65 orcs
  4 bats
  4 giant cockroaches
  7 goblins
  6 hobgoblins
  6 jackals
  6 kobolds
  4 quokkas
  2 ball pythons
  6 frilled lizards
  A leopard gecko skeleton (D:7)
  2 quokka skeletons
  A rat (D:1)
  A spectral orc (D:3)
270 creatures vanquished.

Notes
Turn   | Place    | Note
-------+----------+-------------------------------------------
     0 | D:1      | silenth the Demonspawn Gladiator began the quest for the
                  | Orb.
     0 | D:1      | Reached XP level 1. HP: 16/16 MP: 1/1
   111 | D:1      | Reached skill level 3 in Maces & Flails
   189 | D:1      | Gained mutation: Your movements are slightly less
                  | encumbered by armour. (ER -2) [demonic ancestry]
   189 | D:1      | Reached XP level 2. HP: 22/22 MP: 2/2
   243 | D:1      | Found a sparkling altar of Nemelex Xobeh.
   245 | D:1      | Found a shimmering altar of Xom.
   245 | D:1      | Found a shadowy altar of Dithmenos.
   251 | D:1      | Found a shimmering altar of Xom.
   251 | D:1      | Found a bloodstained altar of Trog.
   251 | D:1      | Found a radiant altar of Vehumet.
   931 | D:2      | Gained mutation: Your movements are less encumbered by
                  | armour. (ER -4) [demonic ancestry]
   931 | D:2      | Reached XP level 3. HP: 23/28 MP: 3/3
  1391 | D:2      | Reached skill level 4 in Maces & Flails
  1391 | D:2      | Reached XP level 4. HP: 18/34 MP: 4/4
  1599 | D:2      | Reached skill level 3 in Fighting
  2684 | D:3      | Found a basalt altar of Yredelemnul.
  2986 | D:4      | Noticed a phantom
  3025 | D:4      | Gained mutation: You have sharp toenails. [demonic
                  | ancestry]
  3025 | D:4      | Reached XP level 5. HP: 16/41 MP: 5/5
  3038 | D:4      | Killed a phantom
  3038 | D:4      | Reached skill level 1 in Armour
  3271 | D:4      | Reached skill level 5 in Maces & Flails
  3277 | D:4      | Gained mutation: You have razor-sharp toenails. [demonic
                  | ancestry]
  3277 | D:4      | Reached XP level 6. HP: 40/48 MP: 6/6
  3359 | D:4      | Found a staircase to the Ecumenical Temple.
  3371 | Temple   | Entered the Ecumenical Temple
  3520 | Temple   | Became a worshipper of Nemelex Xobeh the Trickster
  3575 | D:4      | Reached skill level 2 in Armour
  3806 | D:4      | Received a gift from Nemelex Xobeh
  3812 | D:4      | Reached skill level 4 in Fighting
  3827 | D:4      | Learned a level 1 spell: Confusing Touch
  3851 | D:4      | Reached skill level 1 in Invocations
  3913 | D:4      | Found Pifatre's Jewellery Shoppe.
  4166 | D:5      | Entered Level 5 of the Dungeon
  4176 | D:5      | Reached skill level 2 in Invocations
  4176 | D:5      | Gained mutation: When hurt, damage is shared between your
                  | health and your magic reserves. [demonic ancestry]
  4176 | D:5      | Reached XP level 7. HP: 37/54 MP: 8/8
  4371 | D:5      | Found a shattered altar of Ashenzari.
  4380 | D:5      | Reached skill level 1 in Axes
  4463 | D:5      | Found a runed translucent door.
  4463 | D:5      | Noticed cybersaint2k's ghost (novice DsBe)
  4496 | D:5      | Killed cybersaint2k's ghost
  4496 | D:5      | Reached skill level 2 in Axes
  4496 | D:5      | Reached skill level 3 in Armour
  4496 | D:5      | Reached skill level 3 in Invocations
  4496 | D:5      | Reached XP level 8. HP: 32/61 MP: 8/10
  4524 | D:5      | HP: 6/61 [poisoned by cybersaint2k's ghost]
  4531 | D:5      | HP: 6/61 [poisoned by cybersaint2k's ghost]
  4539 | D:5      | HP: 5/61 [poisoned by cybersaint2k's ghost]
  4821 | D:5      | Found a runed translucent door.
  4991 | D:6      | Reached skill level 5 in Fighting
  4991 | D:6      | Reached skill level 3 in Axes
  5062 | D:6      | Reached skill level 4 in Invocations
  5168 | D:6      | Reached skill level 4 in Axes
  5272 | D:6      | Reached * piety under Nemelex Xobeh
  5276 | D:6      | Got a brightly glowing ring mail
  5287 | D:6      | Identified the +5 ring mail of Resonance {rC++} (You found
                  | it on level 6 of the Dungeon)
  5306 | D:6      | Found an ancient bone altar of Kikubaaqudgha.
  5306 | D:6      | Found a glowing golden altar of the Shining One.
  5307 | D:6      | Found a white marble altar of Elyvilon.
  5308 | D:6      | Found a hide-covered altar of Uskayaw.
  5320 | D:6      | Reached skill level 5 in Invocations
  5572 | D:6      | Reached skill level 3 in Dodging
  5622 | D:6      | Noticed Menkaure
  5630 | D:6      | Killed Menkaure
  5893 | D:7      | Reached skill level 5 in Axes
  5930 | D:7      | Noticed a hippogriff
  5942 | D:7      | Killed a hippogriff
  5942 | D:7      | Reached skill level 6 in Fighting
  5942 | D:7      | Reached XP level 9. HP: 60/69 MP: 10/13
  5987 | D:7      | Found Zixaavir's Jewellery Emporium.
  6037 | D:7      | Reached ** piety under Nemelex Xobeh
  6046 | D:7      | Found Ucroxtal's Assorted Antiques.
  6054 | D:7      | Bought a scroll labeled LENWEO MIEVI for 28 gold pieces
  6054 | D:7      | Bought a brown potion for 25 gold pieces
  6054 | D:7      | Bought a scroll labeled GAATURCHEERR for 28 gold pieces
  6071 | D:7      | Found Fauguc's Book Shoppe.
  6075 | D:7      | Received a gift from Nemelex Xobeh
  6204 | D:7      | Received a gift from Nemelex Xobeh
  6209 | D:7      | Found Gaodgh's Magic Scroll Boutique.
  6214 | D:7      | Reached skill level 6 in Invocations
  6313 | D:7      | Reached skill level 6 in Axes
  6313 | D:7      | Reached skill level 4 in Dodging
  6614 | D:7      | Found Coisogei's General Store.
  6617 | D:7      | Bought a +0 pair of gloves of strength for 138 gold pieces
  6708 | D:7      | Found Zunat's Weapon Shoppe.
  6851 | D:8      | Received a gift from Nemelex Xobeh
  6925 | D:8      | Noticed Maurice
  6928 | D:8      | Killed Maurice
  6928 | D:8      | Reached skill level 7 in Invocations
  6992 | D:8      | Found a basalt altar of Yredelemnul.
  6992 | D:8      | Found an opulent altar of Gozag.
  6993 | D:8      | Found a blossoming altar of Fedhas.
  6993 | D:8      | Found a stormy altar of Qazlal.
  7033 | D:8      | Noticed a two-headed ogre
  7039 | D:8      | Killed a two-headed ogre
  7039 | D:8      | Reached skill level 7 in Fighting
  7039 | D:8      | Reached skill level 7 in Axes
  7039 | D:8      | Reached skill level 5 in Dodging
  7039 | D:8      | Reached skill level 1 in Evocations
  7039 | D:8      | Reached XP level 10. HP: 79/79 MP: 15/15
  7070 | D:8      | Reached skill level 2 in Evocations
  7197 | D:8      | Got a transparent trident
  7278 | D:8      | Found a staircase to the Lair.
  7283 | D:8      | Identified the +12 trident of Forgiveness {venom, rElec}
                  | (You found it on level 8 of the Dungeon)
  7350 | D:8      | Reached skill level 1 in Polearms
  7355 | D:8      | Noticed a deep elf mage
  7367 | D:8      | Killed a deep elf mage
  7373 | D:8      | Reached skill level 2 in Polearms
  7626 | D:8      | Identified Nisch's Reference Book on Dislocated Hexes
  7655 | D:8      | Reached skill level 3 in Evocations
  7657 | D:8      | Found the +3 Elemental Staff {rElec rF++ rC++ MR++ AC+5}
  7679 | D:8      | Got a shimmering whip
  7682 | D:8      | Got a jewelled dagger
  7683 | D:8      | Identified the +3 whip of Woleacec {slash, +Blink rElec rC-
                  | SInv} (You found it on level 8 of the Dungeon)
  7684 | D:8      | Identified the cursed +3 dagger of Resourcefulness {pierce,
                  | +Fly Int+4 Dex-2} (You found it on level 8 of the Dungeon)
  7741 | D:8      | Noticed a cyclops
  7752 | D:8      | Killed a cyclops
  8042 | D:9      | Reached skill level 8 in Axes
  8056 | D:9      | Found Xecsaf's Book Emporium.
  8089 | D:9      | Found a basalt altar of Yredelemnul.
  8229 | D:9      | Reached skill level 8 in Fighting
  8315 | D:9      | Reached *** piety under Nemelex Xobeh
  8395 | D:9      | Reached skill level 6 in Dodging
  8677 | D:10     | Entered Level 10 of the Dungeon
  8986 | D:10     | Found a staircase to the Orcish Mines.
  9216 | D:10     | Gained mutation: You regenerate magic rapidly. [demonic
                  | ancestry]
  9216 | D:10     | Reached XP level 11. HP: 87/87 MP: 16/16
  9318 | D:10     | Received a gift from Nemelex Xobeh
  9322 | D:10     | Reached skill level 9 in Axes
  9327 | D:10     | Noticed Harold
  9331 | D:10     | Noticed Harold
  9331 | D:10     | Harold changed into Harold the redback
  9334 | D:10     | Killed Harold the redback
  9497 | D:10     | Received a gift from Nemelex Xobeh
  9585 | D:10     | Noticed Snorg
  9593 | D:10     | Cast into level 1 of the Abyss (drawing a card)
  9595 | Abyss:1  | Reached **** piety under Nemelex Xobeh
  9647 | Abyss:1  | Received a gift from Nemelex Xobeh
  9671 | Abyss:1  | Reached skill level 1 in Stealth
  9771 | Abyss:1  | Noticed a green death
  9783 | Abyss:1  | Killed a green death
  9783 | Abyss:1  | Reached skill level 3 in Stealth
  9851 | Abyss:1  | Reached skill level 4 in Stealth
  9926 | Abyss:1  | Noticed a white ugly thing
  9927 | Abyss:1  | Noticed a white very ugly thing
  9928 | Abyss:1  | Noticed a white ugly thing
  9929 | Abyss:1  | Noticed a white very ugly thing
  9932 | Abyss:1  | Identified the +1 trident of Hatred {pierce, Str+2}
  9936 | Abyss:1  | Killed a white ugly thing
  9936 | Abyss:1  | Reached skill level 5 in Stealth
  9936 | Abyss:1  | Noticed a white ugly thing
  9937 | Abyss:1  | Noticed a white very ugly thing
  9941 | Abyss:1  | Killed a white very ugly thing
  9941 | Abyss:1  | Reached skill level 6 in Stealth
  9944 | Abyss:1  | Noticed an orc sorcerer
  9958 | Abyss:1  | Noticed a cacodemon
  9968 | Abyss:1  | Noticed a wretched star
  9969 | Abyss:1  | Found a corrupted altar of Lugonu.
  9981 | Abyss:1  | HP: 2/87 [disintegration (23)]
  9983 | Abyss:1  | Slain by a cacodemon

Levels and vault maps discovered:
D:1:      minmay_arrival_open_corners, layout_loops_cross, doesnt_xom_only_xom
D:2:      layout_loops_ring
D:3:      layout_loops_ring, yredelemnul_forgotten_temple_becter
D:4:      layout_cave_pools, minmay_temple_entry_mini_moons, serial_shops,
          nicolae_shop_temple_entry_statues_fountains
D:5:      layout_gridville, ebering_ghost_sewer_f, first_ration,
          evilmike_ruin_ashenzari
D:6:      layout_loops_ring, chequers_temple_overflow_statue_of_worship,
          minmay_fractal_squares_diagonal_5, uniq_menkaure
D:7:      layout_cave_pods, serial_shops, nicolae_shop_behind_doors, shop,
          kennysheep_mini, shop_fountains, nicolae_shop_behind_doors,
          grunt_livestock, minivault_4, minmay_shop_enchanted_jewellery
D:8:      minmay_the_grid_octo_2x2 [minmay_the_grid_octo_toaster,
          minmay_the_grid_octo_fan_narrow, minmay_the_grid_octo_shrine,
          minmay_the_grid_octo_prize_single_spiral], layout_loops_ring,
          lair_entry_dummy, uniq_maurice
D:9:      layout_loops_ring, basic_altar, serial_shops,
          nicolae_shop_window_shopping
D:10:     layout_basic, orc_0_dummy, special_room [special_room_orc],
          serial_bayou_pond_d, uniq_harold, uniq_snorg
Temple:   eino_temple_rhombus
Abyss:1:  evilmike_abyss_exit_kraken

Skill      XL: |  1  2  3  4  5  6  7  8  9 10 11 |
---------------+----------------------------------+-----
Maces & Flails | 3 4 5 |  5.7
Fighting       | 3 4 6 7 8 |  8.7
Armour         | 1 2 3 |  3.2
Invocations    | 2 3 5 7 |  7.1
Axes           | 2 5 7 8 9 |  9.3
Dodging        | 3 5 6 |  6.7
Evocations     | 1 3 |  3.0
Polearms       | 2 |  2.1
Stealth        | 6 |  6.3
Throwing       | |  1.7

Action                   |  1- 3 |  4- 6 |  7- 9 | 10-12 || total
-------------------------+-------+-------+-------+-------++-------
Melee: Flail             |   130 |   183 |     3 |       ||   316
       Kick              |       |    22 |    59 |   111 ||   192
       Battleaxe         |       |       |   172 |   265 ||   437
       Trident           |       |       |       |    31 ||    31
 Abil: Draw Destruction  |       |       |     2 |     8 ||    10
       Draw Escape       |       |       |       |     2 ||     2
       Draw Summoning    |       |       |       |     1 ||     1
Evoke: Wand              |       |       |       |     7 ||     7
       Lightning rod     |       |       |       |     1 ||     1
       Phial of floods   |       |       |       |     1 ||     1
  Use: Scroll            |       |     9 |     4 |     9 ||    22
       Potion            |       |       |       |     5 ||     5
 Stab: Sleeping          |       |       |     2 |     3 ||     5
       Distracted        |       |       |       |     2 ||     2
  Eat: Chunk             |     2 |     8 |    20 |     5 ||    35
       Ration            |       |       |       |     2 ||     2
Armor: Ring mail         |     8 |       |    66 |    92 ||   166
       Leather armour    |     1 |       |       |       ||     1
       Chain mail        |    84 |   120 |       |       ||   204
       Scale mail        |       |     5 |    46 |    25 ||    76
Dodge: Dodged            |    92 |   131 |   127 |   330 ||   680

Table legend:
 A = Non-vault XP
 B = Vault XP
 C = Vault XP percentage of total XP
 D = Non-vault monster count
 E = Vault monster count
 F = Vault count percentage of total count
                 A         B        C        D         E       F
            +---------+---------+-------+---------+---------+-------
      Total |   13686 |    4272 |  23.8 |     215 |      55 |  20.4
            +---------+---------+-------+---------+---------+-------
        D:1 |      31 |       0 |   0.0 |      17 |       0 |   0.0
        D:2 |      83 |       0 |   0.0 |      17 |       0 |   0.0
        D:3 |      45 |       1 |   2.2 |      19 |       1 |   5.0
        D:4 |     528 |       0 |   0.0 |      27 |       0 |   0.0
        D:5 |     265 |     545 |  67.3 |       8 |       6 |  42.9
        D:6 |     803 |     256 |  24.2 |      23 |       3 |  11.5
        D:7 |     676 |     973 |  59.0 |      12 |       5 |  29.4
        D:8 |    2571 |    1927 |  42.8 |      39 |      14 |  26.4
        D:9 |    1341 |       0 |   0.0 |      20 |       0 |   0.0
       D:10 |    2978 |     570 |  16.1 |      21 |      26 |  55.3
    Abyss:1 |    4365 |       0 |   0.0 |      12 |       0 |   0.0
            +---------+---------+-------+---------+---------+-------
